 Dungeon Crawl Stone Soup version 0.24.0-41-g2ae2f7f1be (webtiles) character file.

Game seed: 13427066540757860407, levelgen mode: deterministic

2993 Goreval the Covert (level 9, -24/34 HPs)
             Began as a Felid Enchanter on Dec 10, 2019.
             Was a Believer of Dithmenos.
             Blown up by an orc warrior (29 damage)
             ... with a disintegration bolt
             ... on level 11 of the Dungeon.
             The game lasted 00:41:24 (15967 turns).

Goreval the Covert (Felid Enchanter)               Turns: 15967, Time: 00:41:24

Health: -24/34     AC:  4    Str:  4    XL:     9   Next: 54%
Magic:  2/17       EV: 25    Int: 19    God:    Dithmenos [**....]
Gold:   561        SH:  0    Dex: 20    Spells: 8/18 levels left
                                        Lives:  0   Deaths: 3

rFire    . . .     SeeInvis +     - Unarmed
rCold    + + .     Gourm    .   (shield unavailable)
rNeg     . . .     Faith    .   (armour unavailable)
rPois    .         Spirit   .   (helmet unavailable)
rElec    .         Reflect  .   (cloak unavailable)
rCorr    .         Harm     .   (gloves unavailable)
MR       +....                  (boots unavailable)
Stlth    ++++++++..             e - amulet of the acrobat
HPRegen  0.11/turn              q - ring of protection from cold
MPRegen  0.15/turn              u - ring of protection from cold

@: very slightly contaminated, wreathed by umbra, quick
A: very small, no armour, no weapons or thrown items, stealth, claws 1, fangs 3,
icy blue scales 1, thin skeletal structure 1, see invisible, carnivore, speed 1,
shaggy fur 2, slow metabolism 1, wild magic 1, sharp paws
a: Shadow Step, Renounce Religion


You were on level 11 of the Dungeon.
You worshipped Dithmenos.
Dithmenos was pleased with you.
You were completely stuffed.

You visited 2 branches of the dungeon, and saw 12 of its levels.

You collected 561 gold pieces.

Inventory:

Jewellery
 e - an amulet of the acrobat (around neck)
 j - an uncursed amulet of magic regeneration
 q - a ring of protection from cold (left paw)
 u - a ring of protection from cold (right paw)
Wands
 p - a wand of random effects (38)
 v - a wand of disintegration (11)
 x - a wand of flame (33)
Scrolls
 f - 4 scrolls of immolation
 g - a scroll of fog
 m - 4 scrolls of remove curse
 w - a scroll of magic mapping
 y - 4 scrolls of teleportation
Potions
 c - a potion of heal wounds
 d - 2 potions of mutation
 h - 2 potions of haste
 i - 3 potions of agility
 k - a potion of lignification
 l - 2 potions of flight
 n - 3 potions of might
 o - a potion of cancellation
 r - a potion of berserk rage
 s - a potion of brilliance
 t - 5 potions of curing
Comestibles
 b - 21 rations


   Skills:
 + Level 8.6 Dodging
 * Level 13.0 Stealth
 * Level 9.1 Unarmed Combat
 - Level 5.0 Spellcasting
 + Level 10.7 Hexes
 - Level 3.2 Translocations
 + Level 4.9 Evocations


You had 8 spell levels left.
You knew the following spells:

 Your Spells              Type           Power        Failure   Level  Hunger
a - Ensorcelled Hibernat  Hex/Ice        ####..       3%          2    #......
b - Confuse               Hex            ######..     1%          3    ##.....
c - Dazzling Spray        Conj/Hex       ####..       7%          3    ##.....
n - Blink                 Tloc           N/A          8%          2    #......

Your spell library contained the following spells:

 Spells                   Type           Power        Failure   Level  Hunger
 Corona                   Hex            ######.      1%          1    None
 Slow                     Hex            ######..     1%          2    #......
 Tukima's Dance           Hex            ######..     1%          3    ##.....
 Magic Dart               Conj           #...         17%         1    None
 Call Imp                 Summ           #.......     26%         2    #......
 Conjure Flame            Conj/Fire      #.......     45%         3    ##.....
 Mephitic Cloud           Conj/Pois/Air  #.......     45%         3    ##.....


Dungeon Overview and Level Annotations

Branches:
Dungeon (11/15)            Temple (1/1) D:7             Orc (0/2) D:9
   Lair: D:8-11

Altars:
Ashenzari
Cheibriados
Dithmenos
Elyvilon
Fedhas
Gozag
Hepliaklqana
Kikubaaqudgha
Makhleb
Nemelex Xobeh
Okawaru
Qazlal
Ru
Sif Muna
Trog
Uskayaw
Vehumet
Wu Jian
Xom
Yredelemnul
Zin
The Shining One

Shops:
D:9 =

Annotations:
D:7 1 runed translucent door, Crazy Yiuf
D:9 Gastronok


Innate Abilities, Weirdness & Mutations

You cannot wear armour.
You are incapable of wielding weapons or throwing items.
Your paws allow you to move quietly. (Stealth)
You have sharp claws.
You have razor-sharp teeth.
You have supernaturally acute eyesight. (SInv)
You are carnivorous and can eat meat at any time.
You cover ground quickly.
You are covered in thick fur. (AC +2)
You have a slow metabolism.
Your sharp claws are effective at attacking unaware monsters.
You are partially covered in icy blue scales. (AC +2)
You have a somewhat thin skeletal structure. (Dex +2, Stealth)
Your spells are a little harder to cast, but a little more powerful.


Message History

You are blasted!
Ouch! That really hurt!
* * * LOW HITPOINT WARNING * * *
Aim: an orc warrior, wielding a +0 glaive, wearing a +0 plate armour and carrying a wand of disintegration (3) (chance to defeat MR: 61%)
Okay, then.
Okay, then.
Aim: an orc warrior, wielding a +0 glaive, wearing a +0 plate armour and carrying a wand of disintegration (3) (chance to defeat MR: 83%)
The orc warrior barely resists.
Aim: an orc warrior, wielding a +0 glaive, wearing a +0 plate armour and carrying a wand of disintegration (3) (umbra, chance to defeat MR: 83%)
The orc warrior is blasted!
The orc warrior zaps a wand.
You resist with some effort.
Aim: an orc warrior, wielding a +0 glaive, wearing a +0 plate armour and carrying a wand of disintegration (2) (heavily wounded, umbra, chance to defeat MR: 61%)
You miscast Ensorcelled Hibernation.
You are very lightly contaminated with residual magic.
Your skin tingles.
The orc warrior zaps a wand.
You are blasted!
Ouch! That really hurt!
You die...

....... .. .. .....##
..... #.. ###### ##.#
.##.. ### #...# ....
..#####..# ..## #....)..#
###..## . ####...##
##...[.# ....
.....#.######......##....
............)/..@.o...##
###......#####.........##
#####..)# #.(.........
#.#.##....##.##.##.
#....#...###.....#
##.......# ###<#..#
##...... #.......#
##.###. ###...### ..
#....#


You could see an orc warrior.

Vanquished Creatures
  3 two-headed ogres
  A manticore (D:11)
  2 hornets
  3 hippogriffs
  A wyvern (D:10)
  6 yaks (D:9)
  A hungry ghost (D:9)
  2 soldier ants (D:8)
  An acid dragon (D:11)
  An ice beast (D:7)
  2 sky beasts
  2 black bears
  A necrophage (D:9)
  6 orc warriors
  2 phantoms
  3 ogres
  A centaur (D:8)
  6 bullfrogs
  11 killer bees
  5 wights (D:6)
  A howler monkey (D:3)
  2 crimson imps
  8 orc priests
  2 bullfrog zombies
  2 bullfrog skeletons
  A centaur zombie (D:9)
  2 jellies (D:9)
  6 hounds
  4 orc wizards
  Terence (D:2)
  6 iguanas
  Natasha (thrice) (D:2)
  5 worker ants
  A hound skeleton (D:7)
  Robin (D:2)
  4 gnolls
  19 adders
  A shadow imp (D:9)
  An ooze (D:2)
  4 dart slugs
  A worm (D:3)
  2 leopard geckos
  33 orcs
  8 ball pythons
  9 bats
  4 giant cockroaches
  13 goblins
  15 hobgoblins
  19 jackals
  5 kobolds
  8 quokkas
  7 frilled lizards
  2 quokka skeletons
  8 rats
268 creatures vanquished.

Vanquished Creatures (collateral kills)
  An orc (D:6)
1 creature vanquished.

Vanquished Creatures (others)
  A withered plant (D:9)
1 creature vanquished.

Grand Total: 270 creatures vanquished

Notes
Turn   | Place    | Note
-------+----------+-------------------------------------------
     0 | D:1      | Goreval the Felid Enchanter began the quest for the Orb.
     0 | D:1      | Reached XP level 1. HP: 7/7 MP: 4/4
   534 | D:1      | Reached XP level 2. HP: 6/11 MP: 3/6
   538 | D:1      | Learned a level 2 spell: Ensorcelled Hibernation
  1242 | D:1      | Reached XP level 3. HP: 13/14 MP: 4/7
  1317 | D:1      | Reached skill level 5 in Hexes
  1714 | D:2      | Learned a level 3 spell: Confuse
  1908 | D:2      | Reached XP level 4. HP: 18/18 MP: 3/8
  1965 | D:2      | Found a shimmering altar of Xom.
  2088 | D:2      | Noticed Natasha
  2095 | D:2      | Killed Natasha
  2095 | D:2      | Reached skill level 5 in Stealth
  2285 | D:2      | Noticed Terence
  2301 | D:2      | Killed Terence
  2450 | D:2      | Noticed an ogre
  2451 | D:2      | Noticed Natasha
  2517 | D:2      | Reached XP level 5. HP: 21/21 MP: 4/9
  2663 | D:2      | Killed Natasha
  2862 | D:3      | Found a faded altar of an unknown god.
  3240 | D:2      | Noticed Natasha
  3366 | D:2      | Killed Natasha
  3510 | D:2      | Noticed Robin
  4017 | D:2      | Killed Robin
  4834 | D:3      | Gained mutation: You are clumsy. (Dex -2) [potion of
                  | mutation]
  4834 | D:3      | Gained mutation: You are partially covered in yellow
                  | scales. (AC +2) [potion of mutation]
  5139 | D:3      | Found an ornate altar of the Wu Jian Council.
  5272 | D:3      | Gained mutation: You are covered in thick fur. (AC +2)
                  | [Felid growth]
  5272 | D:3      | Reached XP level 6. HP: 21/24 MP: 5/10
  5341 | D:3      | Lost mutation: You are clumsy. (Dex -2) [potion of
                  | mutation]
  5341 | D:3      | Lost mutation: You are partially covered in yellow scales.
                  | (AC +2) [potion of mutation]
  5341 | D:3      | Gained mutation: You have a somewhat thin skeletal
                  | structure. (Dex +2, Stealth) [potion of mutation]
  5341 | D:3      | Gained mutation: You are partially covered in icy blue
                  | scales. (AC +2) [potion of mutation]
  5341 | D:3      | Gained mutation: Your spells are a little harder to cast,
                  | but a little more powerful. [potion of mutation]
  5501 | D:3      | Reached skill level 6 in Stealth
  5598 | D:3      | Learned a level 3 spell: Dazzling Spray
  6831 | D:4      | Found a basalt altar of Yredelemnul.
  6854 | D:4      | Reached XP level 7. HP: 26/27 MP: 8/12
  7010 | D:4      | Reached skill level 7 in Stealth
  7302 | D:5      | Entered Level 5 of the Dungeon
  7462 | D:5      | Found a white marble altar of Elyvilon.
  7494 | D:5      | Learned a level 2 spell: Blink
  7590 | D:6      | Reached skill level 1 in Translocations
  7965 | D:6      | Reached skill level 5 in Dodging
  7965 | D:6      | Reached XP level 8. HP: 21/31 MP: 9/14
  8075 | D:6      | Reached skill level 8 in Stealth
  8487 | D:6      | Reached skill level 5 in Unarmed Combat
  8577 | D:6      | You fall into a shaft and drop 1 floor!
  8903 | D:6      | HP: 1/31 [orc wizard/magic dart (8)]
  8909 | D:6      | HP: 1/31 [orc wizard/magic dart (5)]
  8915 | D:6      | HP: 1/46 [poisoned by an orc wizard]
  8924 | D:6      | Slain by an orc wizard
  8925 | D:6      | Reached XP level 7. HP: -1/40 MP: 2/13
  8930 | D:6      | Found a shimmering blue altar of Sif Muna.
  9270 | D:6      | Reached skill level 9 in Stealth
  9996 | D:7      | Found a sacrificial altar of Ru.
 10181 | D:7      | Noticed a hippogriff
 10186 | D:7      | Killed a hippogriff
 10186 | D:7      | Reached XP level 8. HP: 31/31 MP: 13/15
 10267 | D:7      | Found a staircase to the Ecumenical Temple.
 10273 | Temple   | Entered the Ecumenical Temple
 10470 | Temple   | Became a worshipper of Dithmenos the Shadowed
 10869 | D:7      | Reached skill level 1 in Evocations
 10985 | D:7      | Found a runed translucent door.
 10986 | D:7      | Noticed Crazy Yiuf
 11793 | D:8      | Noticed a two-headed ogre
 11818 | D:7      | Killed a two-headed ogre
 11818 | D:7      | Reached skill level 10 in Stealth
 11818 | D:7      | Reached XP level 9. HP: 28/34 MP: 10/17
 12692 | D:8      | Reached skill level 11 in Stealth
 12695 | D:8      | Reached skill level 5 in Spellcasting
 13066 | D:9      | Found Unkuolle's Jewellery Shoppe.
 13177 | D:9      | Noticed a two-headed ogre
 13197 | D:9      | Killed a two-headed ogre
 13197 | D:9      | Reached XP level 10. HP: 37/37 MP: 13/18
 13204 | D:9      | Reached * piety under Dithmenos
 13402 | D:9      | Reached skill level 10 in Hexes
 13578 | D:9      | Found an ancient bone altar of Kikubaaqudgha.
 13621 | D:9      | Reached skill level 12 in Stealth
 13810 | D:10     | Entered Level 10 of the Dungeon
 13824 | D:9      | Found a snail-covered altar of Cheibriados.
 13916 | D:9      | Noticed Gastronok
 14204 | D:9      | Found a stormy altar of Qazlal.
 14205 | D:9      | Found a burning altar of Makhleb.
 14424 | D:9      | Found a staircase to the Orcish Mines.
 14452 | D:9      | Found a glowing silver altar of Zin.
 14452 | D:9      | Found an opulent altar of Gozag.
 14928 | D:9      | Killed from afar by Gastronok
 14929 | D:9      | Reached XP level 9. HP: -6/34 MP: 7/17
 15296 | D:10     | Noticed a two-headed ogre
 15604 | D:9      | Reached XP level 10. HP: 9/37 MP: 6/18
 15848 | D:9      | Killed a two-headed ogre
 15888 | D:10     | Reached ** piety under Dithmenos
 15897 | D:11     | Mangled by an orc warrior
 15898 | D:11     | Reached XP level 9. HP: -13/34 MP: 16/17
 15913 | D:11     | Noticed a manticore
 15917 | D:11     | Killed a manticore
 15917 | D:11     | Reached skill level 13 in Stealth
 15967 | D:11     | Blown up by an orc warrior

Levels and vault maps discovered:
D:1:      mainiacjoe_arrival_reflecting_pool, layout_loops_ring
D:2:      layout_loops_corners, tgw_xom, uniq_natasha, uniq_robin, uniq_terence
D:3:      layout_basic, lemuel_doored_altar, chequers_ecumenical_altar_simple,
          first_ration, minmay_snake_closets
D:4:      layout_rooms, nicolae_overflow_crystal_walls
D:5:      layout_cave_pools, overflow_temple_1_default, grunt_decor_arrowhead
D:6:      cheibrodos_iron_armory, layout_basic, led_sif_pool
D:7:      layout_basic, nicolae_ru_awakened_eye, minmay_temple_entry_hall,
          grunt_tough_drop, uniq_crazy_yiuf_cottage
D:8:      layout_basic, hangedman_pestilent_swarm, kennysheep_generic_room_8
D:9:      layout_loops_ring, grunt_temple_overflow_gold_and_silver,
          kiku_gazebo_garden_becter, gammafunk_temple_overflow_pools,
          old_standard_altar, orc_0_dummy, serial_shops, nicolae_shop_crystal,
          minmay_misc_feat_hallway, uniq_gastronok
D:10:     minmay_separated_statues, layout_cross, grunt_lair_entry_orc_guard_hut
D:11:     layout_rooms, lightli_airlock, uniq_sonja, uniq_erica
Temple:   jpeg_temple_alley_garden

Skill      XL: |  1  2  3  4  5  6  7  8  9 10 |
---------------+-------------------------------+-----
Hexes          | 5 6 7 9 10 | 10.7
Dodging        | 3 4 6 7 8 |  8.6
Unarmed Combat | 2 3 4 6 7 9 |  9.1
Stealth        | 5 6 9 10 13 12 | 13.0
Spellcasting   | 4 5 |  5.0
Translocations | 2 3 |  3.2
Evocations     | 2 3 4 |  4.9

Action                   |  1- 3 |  4- 6 |  7- 9 | 10-12 || total
-------------------------+-------+-------+-------+-------++-------
Melee: Unarmed           |    63 |   245 |   196 |    48 ||   552
       Bite              |     1 |     8 |    16 |     1 ||    26
       Punch             |       |       |     1 |     1 ||     2
 Cast: Corona            |     4 |       |       |       ||     4
       Ensorcelled Hiber |    15 |    61 |    91 |    55 ||   222
       Confuse           |       |     8 |    23 |     6 ||    37
       Dazzling Spray    |       |       |     2 |     3 ||     5
       Blink             |       |       |     2 |       ||     2
Evoke: Wand              |       |       |     2 |       ||     2
  Use: Scroll            |       |     6 |    17 |       ||    23
       Potion            |       |     2 |     2 |       ||     4
 Stab: Sleeping          |    23 |    62 |    85 |    30 ||   200
       Confused          |       |     3 |    13 |     1 ||    17
       Distracted        |       |     1 |     1 |     1 ||     3
       Invisible         |       |       |     2 |       ||     2
  Eat: Chunk             |    10 |    14 |    32 |     5 ||    61
Armor: Skin              |     8 |    19 |    20 |       ||    47
Dodge: Dodged            |    61 |   187 |   148 |    70 ||   466
